 Dungeon Crawl Stone Soup version bcrawl-1.19.1 (webtiles) character file.

Game seed: 1361584102682253085

342 Freyura the Chopper (level 6, -1/47 HPs)
             Began as a Demonspawn Gladiator on Nov 23, 2019.
             Slain by an orc
             ... wielding a +0 falchion
              (5 damage)
             ... on level 3 of the Dungeon.
             The game lasted 00:03:25 (1669 turns).

Freyura the Chopper (Demonspawn Gladiator)          Turns: 1669, Time: 00:03:26

Health: -1/47      AC:  4    Str: 15    XL:     6   Next: 30%
Magic:  6/6        EV: 16    Int:  9    God:
Gold:   295        SH:  0    Dex: 16    Spells: 5/5 levels left

rFire    . . .     SeeInvis .   a - +0 war axe
rCold    . . .     Gourm    .   (no shield)
rNeg     . . .     Faith    .   b - +0 leather armour
rPois    .         Spirit   .   c - +0 helmet
rElec    .         Reflect  .   (no cloak)
rCorr    .         Harm     .   (no gloves)
MR       .....                  (no boots)
Stlth    ++........             p - amulet of regeneration
HPRegen  0.55/turn              (no ring)
MPRegen  0.10/turn              (no ring)

@: no status effects
A: hooves 1, repulsion field 1, nightstalker 1
a: no special abilities


You were on level 3 of the Dungeon.
You were not hungry.

You visited 1 branch of the dungeon, and saw 3 of its levels.

You collected 295 gold pieces.

Inventory:

Hand Weapons
 a - a +0 war axe (weapon)
Missiles
 d - 3 throwing nets (quivered) {!f}
Armour
 b - a +0 leather armour (worn)
 c - a +0 helmet (worn)
Jewellery
 p - an amulet of regeneration (around neck)
Scrolls
 g - a scroll of teleportation {unknown}
 h - a scroll of noise {unknown}
 i - a scroll of enchant weapon {unknown}
 k - 4 scrolls of identify {unknown}
 n - a scroll of amnesia {unknown}
 o - a scroll of remove curse {unknown}
 r - a scroll of fear {unknown}
 s - a scroll of immolation {unknown}
Potions
 e - 2 potions of mutation {unknown}
 j - 2 potions of curing {unknown}
 l - 2 potions of heal wounds {unknown}
 m - a potion of ambrosia {unknown}
 q - a potion of cancellation {unknown}
 t - a potion of haste {unknown}
 u - a potion of flight {unknown}
Comestibles
 f - 6 rations {!d}


   Skills:
 + Level 3.4 Fighting
 * Level 4.6 Axes
 - Level 1.7 Throwing
 + Level 2.3 Armour
 + Level 3.7 Dodging


You had 5 spell levels left.
You didn't know any spells.
Your spell library was empty.

Dungeon Overview and Level Annotations

Branches:
Dungeon (3/12)

Altars:
Uskayaw


Innate Abilities, Weirdness & Mutations

You have large cloven feet.
You are surrounded by a mild repulsion field. (EV +2)
You are slightly more attuned to the shadows.


Message History

The orc priest is lightly wounded.
The orc priest hits you. x2
You hit the orc priest. You kick the orc priest.
The orc priest is almost dead.
The orc priest calls down the wrath of Beogh upon you.
Pain shoots through your body!
You slash the orc priest!
You kill the orc priest!
You hit the orc but do no damage. The orc hits you with a +0 falchion!
You closely miss the orc. The orc barely misses you. The orc misses you.
Your leather armour prevents you from hitting the orc.
You kick the orc, but do no damage.
The orc priest calls down the wrath of Beogh upon you.
Beogh smites you! The orc misses you.
You hit the orc but do no damage.
The orc priest mumbles some strange prayers to Beogh against you.
Beogh smites you!
* * * LOW HITPOINT WARNING * * *
The orc hits you with a +0 falchion.
You die...

#.#.##.......
.......##.###
.##.##)##.# #
#)##.# #.##.###
#......# #>.....#
.........#######.#
.####.........@oo.#
#......#####..#
######.# .# #.# #
#.# #.. ###


You could see an orc priest and an orc.

Vanquished Creatures
  Sigmund (D:2)
  A centaur (D:3)
  2 orc priests
  Jessica (D:2)
  3 leopard geckos (D:1)
  4 orcs
  4 bats
  A giant cockroach (D:2)
  3 hobgoblins
  2 jackals (D:1)
  2 frilled lizards
  2 goblins (D:1)
  4 kobolds
  2 rats (D:1)
32 creatures vanquished.

Notes
Turn   | Place    | Note
-------+----------+-------------------------------------------
     0 | D:1      | Freyura the Demonspawn Gladiator began the quest for the
                  | Orb.
     0 | D:1      | Reached XP level 1. HP: 16/16 MP: 1/1
   160 | D:1      | Gained mutation: You are surrounded by a mild repulsion
                  | field. (EV +2) [demonic ancestry]
   160 | D:1      | Reached XP level 2. HP: 22/22 MP: 2/2
   164 | D:1      | Reached skill level 3 in Axes
   782 | D:2      | Reached skill level 1 in Armour
   782 | D:2      | Gained mutation: You have large cloven feet. [demonic
                  | ancestry]
   782 | D:2      | Reached XP level 3. HP: 23/28 MP: 3/3
   876 | D:2      | Noticed Jessica
   879 | D:2      | Killed Jessica
   879 | D:2      | Gained mutation: You are slightly more attuned to the
                  | shadows. [demonic ancestry]
   879 | D:2      | Reached XP level 4. HP: 28/34 MP: 4/4
  1031 | D:2      | Noticed Sigmund
  1054 | D:2      | Killed Sigmund
  1054 | D:2      | Reached skill level 4 in Axes
  1054 | D:2      | Reached XP level 5. HP: 24/41 MP: 5/5
  1092 | D:2      | Found a hide-covered altar of Uskayaw.
  1622 | D:3      | Noticed a centaur
  1634 | D:3      | Killed a centaur
  1634 | D:3      | Reached XP level 6. HP: 37/47 MP: 6/6
  1669 | D:3      | Slain by an orc

Skill      XL: |  1  2  3  4 |
---------------+-------------+-----
Axes           | 3 4 |  4.6
Armour         | 1 2 |  2.3
Dodging        | 3 |  3.7
Fighting       | 3 |  3.4
Throwing       | |  1.7

Action                   |  1- 3 |  4- 6 || total
-------------------------+-------+-------++-------
Melee: War axe           |    37 |    53 ||    90
       Kick              |       |    16 ||    16
 Stab: Sleeping          |     1 |     1 ||     2
  Eat: Chunk             |       |     2 ||     2
Armor: Leather armour    |     8 |     5 ||    13
Dodge: Dodged            |    43 |    41 ||    84
